[Event "*** SCC Grand Prix: Titled Tuesday Blitz"]
[Site "Chess.com"]
[Date "2020.08.25"]
[Round "10"]
[White "maximnovik"]
[Black "Rodalquilar"]
[Result "0-1"]
[WhiteElo "2487"]
[BlackElo "2627"]
[TimeControl "180+1"]
[EndTime "11:59:27 PDT"]
[Termination "Rodalquilar won by resignation"]

1. d4 d5 2. c4 e6 3. Nc3 a6 4.
cxd5 exd5 5. Bf4 Nf6 6. e3 c5 7.
Nf3 c4 8. h3 b5 9. g4 Bb7 10. Bg2 Be7 11. Ne5 O-O 12. g5 Ne4 13. Nxe4 dxe4 14. Qg4 Qc8 15. Qg3 Bb4+ 16. Kf1 Nd7 17. h4 c3 18. Bh3 cxb2 19. Rd1 Qc2 20. Kg2 Nxe5 21. Bxe5 Rac8 22. Bxc8 Rxc8 23. Qg4 Bd5 24.
Qd7 Qc6 25. Qg4 Qe6 26. Qf4 Ba3 27. h5 Rc1 28. h6 b1=Q 29. Bxg7 Bd6 30. Be5 Bxe5 31.
Rxc1 Bxf4 32. Rxb1 Qg4+ 0-1

[Event "*** SCC Grand Prix: Titled Tuesday Blitz"]
[Site "Chess.com"]
[Date "2020.08.25"]
[Round "10"]
[White "Paladin61"]
[Black "FontVella8"]
[Result "1-0"]
[WhiteElo "2667"]
[BlackElo "2488"]
[TimeControl "180+1"]
[EndTime "11:59:27 PDT"]
[Termination "Paladin61 won by checkmate"]

1. b3 e5 2. Bb2 d6 3. e3 Nc6 4. Nf3 g6 5. d4 Bg4 6. h3 Bxf3 7. Qxf3 exd4 8. Bb5 Bg7 9. Bxc6+ bxc6 10. Qxc6+ Kf8 11. exd4 Qe7+ 12. Kf1 Re8 13. g3 Nh6 14. Kg2 Nf5 15.
c3 Qe2 16. Bc1 Nxd4 17. cxd4 Bxd4 18. Bh6+ Kg8 19. Rf1 Bxa1 20. Nc3 Bxc3 21. Qxc3 Qe4+ 22. Kg1 Qe5 23. Qxc7 Qh5 24. Qc1 Qxh3 25. Rd1 Rc8 26.
Qf4 f6 27. Qxd6 Qxh6 28. Qe6+ Kf8 29. Qxf6+ Ke8 30. Re1+ Kd7 31. Re7+ Kd8 32. Qd6# 1-0

[Event "*** SCC Grand Prix: Titled Tuesday Blitz"]
[Site "Chess.com"]
[Date "2020.08.25"]
[Round "10"]
[White "Grandmaster2B"]
[Black "monalize"]
[Result "1-0"]
[WhiteElo "2413"]
[BlackElo "2282"]
[TimeControl "180+1"]
[EndTime "11:59:27 PDT"]
[Termination "Grandmaster2B won by checkmate"]

1. e4 c5 2. Nf3 d6 3. d4 cxd4 4. Nxd4 Nf6 5. Nc3 a6 6. f3 e6 7.
Be3 h5 8. Qd2 b5 9. O-O-O Bb7 10.
Kb1 Nbd7 11. Rg1 Be7 12. g3 Rc8 13. h3 b4 14. Nce2 d5 15. exd5 Nxd5 16. Nf4 Nxe3 17.
Qxe3 Qb6 18. Qd2 Ne5 19. Be2 Nc4 20. Bxc4 Rxc4 21. Nf5 exf5 22. Qd7+ Kf8 23. Rge1 Qc7 24. Rxe7 Qxd7 25. Rexd7 Bxf3 26. Rd8+ Ke7 27. R1d7+ Kf6 28. Rxh8 g5 29. Nxh5+ Ke6 30. Rd2 Be4 31. Re8# 1-0

[Event "*** SCC Grand Prix: Titled Tuesday Blitz"]
[Site "Chess.com"]
[Date "2020.08.25"]
[Round "10"]
[White "krasavetc"]
[Black "ShahMatKanal"]
[Result "0-1"]
[WhiteElo "2281"]
[BlackElo "2453"]
[TimeControl "180+1"]
[EndTime "11:59:27 PDT"]
[Termination "ShahMatKanal won by checkmate"]

1. e4 c5 2. c3 Nf6 3. Qc2 Nc6 4. Nf3 e5 5. Bb5 d6 6. d4 Bd7 7. Bg5 cxd4 8. cxd4 Qa5+ 9. Nc3 Nxd4 10. Qd3 Bxb5 11. Qd2 Nxf3+ 12. gxf3 Be7 13. b4 Qb6 14. Rg1 Bc4 15.
Be3 Qd8 16. Rxg7 Rg8 17. Rxg8+ Nxg8 18. Nd5 Bxd5 19. Qxd5 Qd7 20. Rd1 Nf6 21. Qb3 a5 22. b5 a4 23. Qc4 Qh3 24. Ke2 Rc8 25. Qxa4 Nh5 26. b6+ Kf8 27. Rd2 Rc1 28. Rxd6 Qf1+ 29.
Kd2 Qe1+ 30. Kd3 Rc3# 0-1

[Event "*** SCC Grand Prix: Titled Tuesday Blitz"]
[Site "Chess.com"]
[Date "2020.08.25"]
[Round "10"]
[White "AlexTriapishko"]
[Black "A-Fier"]
[Result "1-0"]
[WhiteElo "2730"]
[BlackElo "2756"]
[TimeControl "180+1"]
[EndTime "11:59:29 PDT"]
[Termination "AlexTriapishko won by resignation"]

1. Nf3 Nf6 2. g3 c5 3. Bg2 Nc6 4. d4 cxd4 5. Nxd4 g6 6. b3 Bg7 7. Bb2 O-O 8. O-O d5 9. c4 dxc4 10. bxc4 Qb6 11. Nb3 Be6 12. N1d2 Rfd8 13. Qc2 Rac8 14.
Rac1 Nb4 15. Qb1 Qa6 16. a3 Nc6 17. Nc5 Qb6 18. Nxe6 Rxd2 19. Bc3 Qxb1 20. Rxb1 Rd7 21. Nxg7 Kxg7 22. Bh3 e6 23. e3 Nd8 24. Rfc1 g5 25. Bf1 Kg6 26. Rd1 Rxd1 27. Rxd1 Nc6 28. Bd3+ Kg7 29.
f4 h6 30. Rf1 Rd8 31. Bc2 e5 32. fxe5 Ng4 33. e6+ f6 34. Be4 Re8 35. Bd5 Nce5 36. Bd4 b6 37. h3 Kg6 38. hxg4 Nxg4 39. Be4+ Kh5 40. Bd5 Kg6 41. Kg2 f5 42. e4 f4 43.
gxf4 gxf4 44. Rxf4 Kg5 45. Rf5+ Kh4 46. Bf2+ Nxf2 47.
Kxf2 1-0

[Event "*** SCC Grand Prix: Titled Tuesday Blitz"]
[Site "Chess.com"]
[Date "2020.08.25"]
[Round "10"]
[White "Kobalia"]
[Black "Jungle_Jaguar"]
[Result "0-1"]
[WhiteElo "2754"]
[BlackElo "2650"]
[TimeControl "180+1"]
[EndTime "11:59:29 PDT"]
[Termination "Jungle_Jaguar won by checkmate"]

1. e4 e5 2. Nf3 Nc6 3. Bb5 a6 4. Ba4 Nf6 5. O-O Be7 6. d3 b5 7.
Bb3 d6 8. a3 Na5 9. Ba2 Be6 10.
Bxe6 fxe6 11. Re1 O-O 12. b4 Nc6 13. c4 Nd4 14. Nxd4 exd4 15. Nd2 e5 16. Qb3 Kh8 17. Nf3 Qd7 18. Bd2 Nh5 19. a4 Rxf3 20. gxf3 bxc4 21. dxc4 Qh3 22. b5 a5 23. Qd3 Rf8 24. Ra3 Nf4 25.
Qf1 Qh5 26. Rb3 Bg5 27. Kh1 Rf6 28. Qg1 Nh3 29. Bxg5 Nxg1 30. Rxg1 Rxf3 31. Rb2 h6 32. Bd8 Rh3 33. f4 Qf3+ 34. Rbg2 d3 35. Bxc7 d2 36.
b6 d1=Q 37. b7 Qxg1+ 38. Kxg1 Qd1+ 39. Kf2 Rf3# 0-1

[Event "*** SCC Grand Prix: Titled Tuesday Blitz"]
[Site "Chess.com"]
[Date "2020.08.25"]
[Round "10"]
[White "Smascher17"]
[Black "Anton_Zhukov04"]
[Result "0-1"]
[WhiteElo "2339"]
[BlackElo "2242"]
[TimeControl "180+1"]
[EndTime "11:59:29 PDT"]
[Termination "Anton_Zhukov04 won by checkmate"]

1. e4 c5 2. Nf3 d6 3. d4 cxd4 4. Nxd4 Nf6 5. Nc3 a6 6. Bg5 e6 7.
f4 Nbd7 8. Qf3 Qc7 9. O-O-O b5 10. a3 Bb7 11. Bd3 Qb6 12. Nb3 Nc5 13. Nxc5 dxc5 14.
Bxf6 gxf6 15. Qf2 Qc7 16. Rhe1 c4 17. Bf1 Bc5 18. Qg3 b4 19. axb4 Bxb4 20. e5 f5 21. Rd4 Qa5 22. Kb1 Rd8 23. Red1 Rxd4 24. Rxd4 Qb6 25.
Rxc4 a5 26. Qe1 Ba6 27. Rxb4 axb4 28. Bxa6 Qxa6 29. Nd1 Qb6 30. Ne3 Qd4 31. g3 Kd7 32. b3 Ra8 33. c3 bxc3 34. Nc2 Qd2 35. Qh1 Rb8 36. b4 Rxb4+ 37. Nxb4 Qb2# 0-1

[Event "*** SCC Grand Prix: Titled Tuesday Blitz"]
[Site "Chess.com"]
[Date "2020.08.25"]
[Round "10"]
[White "labdalla"]
[Black "TST2014"]
[Result "0-1"]
[WhiteElo "2277"]
[BlackElo "2504"]
[TimeControl "180+1"]
[EndTime "11:59:33 PDT"]
[Termination "TST2014 won by resignation"]

1. d4 Nf6 2. c4 c5 3. d5 b5 4. cxb5 a6 5. bxa6 Bxa6 6. Nc3 g6 7. e4 Bxf1 8. Kxf1 d6 9. g3 Bg7 10. Kg2 O-O 11. Nf3 Nbd7 12. a4 Qa5 13. Qc2 Rfb8 14.
Ra3 Ne8 15. Rf1 Nc7 16. Re1 Nb6 17. Nd2 Qb4 18. Rb3 Qa5 19. Ra3 Bxc3 20. bxc3 Nxa4 21. c4 Rb4 22. e5 Qb6 23. exd6 exd6 24. Ne4 Ne8 25.
Rae3 Qa6 26. Ng5 Nf6 27. Qe2 Qxc4 28. Qf3 Qxd5 29. Re8+ Rxe8 30. Rxe8+ Kg7 31. Re7 Qxf3+ 32. Kxf3 h6 33. Nxf7 Nd5 34. Rb7 Rxb7 0-1

[Event "*** SCC Grand Prix: Titled Tuesday Blitz"]
[Site "Chess.com"]
[Date "2020.08.25"]
[Round "10"]
[White "ChelsieMonica"]
[Black "GelmanAlexander"]
[Result "1-0"]
[WhiteElo "2411"]
[BlackElo "2531"]
[TimeControl "180+1"]
[EndTime "11:59:33 PDT"]
[Termination "ChelsieMonica won by resignation"]

1. c4 c5 2. Nc3 Nf6 3. Nf3 e6 4. e3 d6 5. d4 Nbd7 6. Be2 b6 7. O-O Bb7 8. d5 exd5 9. cxd5 g6 10. e4 Bg7 11. Bg5 h6 12. Bf4 Qb8 13. Nb5 Bf8 14. e5 Nxd5 15. exd6 Nxf4 16. Nc7+ Kd8 17. Nxa8 Qxa8 18.
Re1 Bg7 19. Qb3 Nxe2+ 20. Rxe2 Bxf3 21. gxf3 Ne5 22. Kg2 Qc6 23. Rae1 Re8 24. Kg3 g5 25. h4 Re6 26. hxg5 hxg5 27. Re4 f5 28. Qxe6 fxe4 29. Qg8+ Kd7 30. Qxg7+ Kxd6 31. Qf6+ Kd5 32. Rd1+ Kc4 33. Qxe5 exf3 34. Rc1+ Kb5 35. a4+ Kxa4 36. Ra1+ Kb5 37. Qxg5 a5 38. Qe3 Ka6 39. Qxf3 Qg6+ 40. Qg4 Qd3+ 41. f3 c4 42. Rh1 a4 43. Rh5 Qc2 44.
Rh4 b5 45. Qc8+ Ka5 46. Qc7+ Kb4 47. Qd6+ Ka5 48. Rh2 Qc1 49. Qd2+ Qxd2 50. Rxd2 b4 51. f4 c3 52. bxc3 bxc3 53. Rf2 Kb4 54. f5 a3 55.
f6 Kb3 56. f7 c2 57. Rf1 Kb2 58. f8=Q 1-0

[Event "*** SCC Grand Prix: Titled Tuesday Blitz"]
[Site "Chess.com"]
[Date "2020.08.25"]
[Round "10"]
[White "kidagent"]
[Black "ShadowJolteon"]
[Result "1-0"]
[WhiteElo "2262"]
[BlackElo "2414"]
[TimeControl "180+1"]
[EndTime "11:59:34 PDT"]
[Termination "kidagent won on time"]

1. e4 c6 2. d4 d5 3. Nd2 dxe4 4. Nxe4 Bf5 5. Ng3 Bg6 6. h4 h6 7. Nf3 Nd7 8. h5 Bh7 9. Bd3 Bxd3 10. Qxd3 e6 11. Bd2 Ngf6 12. O-O-O Be7 13. Ne4 O-O 14. c4 Nxe4 15. Qxe4 Nf6 16. Qe2 b5 17. cxb5 cxb5 18. g4 Qd5 19. Kb1 Qe4+ 20. Qxe4 Nxe4 21. Be3 Rfd8 22.
Rc1 a5 23. Ne5 Bf8 24. Rc7 Bd6 25. Rb7 Bxe5 26. dxe5 b4 27. Rc1 Rd5 28. Rcc7 Rf8 29. f4 Rd1+ 30. Kc2 Re1 31. Kd3 Ng3 32. Bf2 Rd8+ 33.
Kc4 Rc1+ 34. Kb5 Rd5+ 35. Ka4 Rxc7 36. Rxc7 Ne4 37. Bb6 Nd2 38. Bxa5 Rd4 39. Bxb4 Rxf4 40. Kb5 Nf1 41. a4 Ne3 42. a5 Nd5 43. Rc8+ Kh7 44. Bd6 Rf2 45. b4 Ra2 46. a6 f5 47.
gxf5 exf5 48. e6 f4 49. e7 Nf6 50. e8=Q 1-0

[Event "*** SCC Grand Prix: Titled Tuesday Blitz"]
[Site "Chess.com"]
[Date "2020.08.25"]
[Round "10"]
[White "K_A_S_T_O_R"]
[Black "BogdanDeac"]
[Result "1-0"]
[WhiteElo "2741"]
[BlackElo "2824"]
[TimeControl "180+1"]
[EndTime "11:59:35 PDT"]
[Termination "K_A_S_T_O_R won on time"]

1. e4 c5 2. Nf3 d6 3. d4 cxd4 4. Nxd4 Nf6 5. Nc3 a6 6. Bg5 Nbd7 7. Bc4 Qb6 8. Bb3 e6 9. Bxf6 Nxf6 10. Qd2 Qc7 11. O-O-O b5 12. a3 Rb8 13. f4 Be7 14.
g4 Qb6 15. g5 Nd7 16. Bxe6 fxe6 17. Nxe6 Nc5 18. Nxg7+ Kf8 19. Nd5 Qc6 20. Qc3 Rg8 21. Nf5 Bd8 22. Nf6 Bxf5 23. exf5 Rg7 24. Nh5 Rg8 25.
Rhe1 Rc8 26. Nf6 Rg7 27. Nd5 Nd7 28. Qd3 Nb6 29. Nb4 Qd7 30. f6 Rg8 31. Qd4 Nc4 32. Nd5 Qf5 33. Ne7 1-0

[Event "*** SCC Grand Prix: Titled Tuesday Blitz"]
[Site "Chess.com"]
[Date "2020.08.25"]
[Round "10"]
[White "Siniauski"]
[Black "praveenb2002"]
[Result "0-1"]
[WhiteElo "2521"]
[BlackElo "2739"]
[TimeControl "180+1"]
[EndTime "11:59:36 PDT"]
[Termination "praveenb2002 won on time"]

1. e4 c5 2. Nf3 d6 3. Bb5+ Bd7 4.
Bxd7+ Nxd7 5. d4 cxd4 6. Qxd4 Ngf6 7. O-O g6 8. c4 Bg7 9. Nc3 O-O 10. Bg5 a6 11.
Rac1 Qa5 12. Qd2 Rfc8 13. b3 b5 14. Nd5 Qxd2 15. Nxd2 Kf8 16. Bxf6 Nxf6 17. Nb6 Bh6 18. Rc2 Bxd2 19. Rxd2 Nxe4 20. Re2 Nc5 21. Nxa8 Rxa8 22.
b4 Nd3 23. cxb5 axb5 24. Rb1 Ra4 25. Rd2 Nxb4 26. Rd4 Nxa2 27. Rxa4 bxa4 28. Ra1 Nc3 29. Ra3 Ne4 30. Rxa4 d5 31. f3 Nd6 32. Kf2 e6 33. Ra7 Kg7 34. g4 Kf6 35. h4 h6 36. Ke3 e5 37. Kd3 Ke6 38. Ke3 f5 39. gxf5+ gxf5 40. Rh7 f4+ 41. Ke2 Nf5 42. h5 Kf6 43. Kd3 Kg5 44.
Rf7 Nd4 45. Rg7+ Kf5 46. Rd7 Ke6 47. Rh7 Nxf3 48. Ke2 Nd4+ 49. Kd3 Nf5 50. Ra7 e4+ 51. Ke2 Ke5 52. Rf7 f3+ 53. Kf2 Kf4 54. Rf6 d4 55. Kf1 e3 56. Ke1 d3 57. Rf8 d2+ 58. Kd1 f2 59.
Ke2 f1=Q+ 0-1

[Event "*** SCC Grand Prix: Titled Tuesday Blitz"]
[Site "Chess.com"]
[Date "2020.08.25"]
[Round "10"]
[White "Unkreativ3"]
[Black "Orest_Vovk"]
[Result "1-0"]
[WhiteElo "2533"]
[BlackElo "2393"]
[TimeControl "180+1"]
[EndTime "11:59:36 PDT"]
[Termination "Unkreativ3 won by resignation"]

1. d4 c5 2. d5 f5 3. c4 e5 4. Nc3 d6 5. e4 Nf6 6. Bd3 f4 7. g3 fxg3 8. hxg3 Be7 9. Nge2 Bg4 10. Qa4+ Qd7 11. Bg5 Qxa4 12. Nxa4 Bf3 13. Rh4 h6 14. Bxf6 Bxf6 15. Rh2 O-O 16. Nac3 a6 17. Ng1 Bg4 18. f3 Bc8 19. Bf1 Bg5 20. Ke2 b5 21. cxb5 axb5 22. Nxb5 Ba6 23. Kf2 Be7 24. Nc7 Ra7 25.
Ne6 Rc8 26. a3 Rb7 27. Ke3 Rb3+ 28. Kf2 Rxb2+ 29. Be2 c4 30. Ke3 c3 31. Rf2 c2 32.
Rc1 Rb3+ 33. Kd2 Rxa3 34. Rxc2 Rxc2+ 35. Kxc2 Bg5 36. Kb2 Be3 37. Kxa3 Bxf2 38. Bxa6 Nxa6 39. Ne2 Bxg3 40. Nxg3 g6 41. Ka4 h5 42. Kb5 h4 43.
Nf1 Nb8 44. Kb6 Nd7+ 45. Kc7 Nf6 46. Kxd6 Nh5 47. Kxe5 Ng3 48. Nxg3 h3 49. Nf4 h2 50. Nxg6 h1=Q 51. Nxh1 1-0

[Event "*** SCC Grand Prix: Titled Tuesday Blitz"]
[Site "Chess.com"]
[Date "2020.08.25"]
[Round "10"]
[White "Beltraxtor"]
[Black "MFBerna"]
[Result "1-0"]
[WhiteElo "2552"]
[BlackElo "2443"]
[TimeControl "180+1"]
[EndTime "11:59:37 PDT"]
[Termination "Beltraxtor won on time"]

1. e4 c5 2. Nf3 d6 3. Bb5+ Bd7 4.
Bxd7+ Qxd7 5. c4 Nc6 6. Nc3 g6 7. d4 cxd4 8. Nxd4 Bg7 9. Be3 Nf6 10. f3 O-O 11. O-O Rac8 12. b3 Rfd8 13. Qd3 Nxd4 14. Bxd4 a6 15. Rad1 Qc6 16. a4 e6 17. Rf2 Ne8 18. Rfd2 Bxd4+ 19. Qxd4 Qc5 20. Kf2 Kf8 21. Ke2 Qxd4 22. Rxd4 Ke7 23. g4 Nf6 24. h4 h6 25.
Ke3 Ne8 26. g5 Rc5 27. f4 h5 28. e5 Rcc8 29. Ne4 dxe5 30. fxe5 Rxd4 31. Rxd4 a5 32. Nd6 Nxd6 33. Rxd6 Rc7 34. Kd4 Rc8 35. c5 Rc7 36. Kc4 Rc8 37. Kb5 Rc7 38. Kb6 Rc8 39. Kb5 Rc7 40.
Rd4 Rc8 41. Rd3 Rc7 42. Rc3 Rd7 43. Kxa5 Rd4 44. Rc4 Rd5 45. Kb6 Rxe5 46. Kxb7 Re3 47. b4 Ra3 48. c6 Rxa4 49. c7 Rxb4+ 50. Rxb4 1-0

[Event "*** SCC Grand Prix: Titled Tuesday Blitz"]
[Site "Chess.com"]
[Date "2020.08.25"]
[Round "10"]
[White "SlavenPastar"]
[Black "alfiefischer77"]
[Result "1-0"]
[WhiteElo "2441"]
[BlackElo "2308"]
[TimeControl "180+1"]
[EndTime "11:59:38 PDT"]
[Termination "SlavenPastar won by resignation"]

1. d4 Nf6 2. c4 e6 3. Nc3 Bb4 4. e3 c5 5. Bd3 Nc6 6. Ne2 cxd4 7. exd4 d5 8. cxd5 Nxd5 9. O-O O-O 10. a3 Bd6 11. Bc2 Qh4 12. g3 Qh3 13. Qd3 Re8 14. Nxd5 exd5 15. Bf4 Bf8 16. Rae1 Bg4 17. f3 Bh5 18. Qd2 Bg6 19. Bxg6 hxg6 20. g4 Rad8 21. Bg5 Be7 22. Bxe7 Rxe7 23. Qg5 Qh6 24. Qxh6 gxh6 25. Kf2 Kg7 26. Nc3 Rxe1 27. Rxe1 Rd7 28. Rd1 Kf6 29. Ke3 Ke6 30. Kd3 a6 31. Na4 Kd6 32. Re1 Re7 33. Rxe7 Nxe7 34. Nc5 Kc6 35. Ke3 Nc8 36. Nd3 Kd6 37.
h4 Nb6 38. b3 Nd7 39. Kf4 Nb8 40. Nc5 Nc6 41. Nxb7+ Kc7 42. Nc5 Nxd4 43. Ke3 Nb5 44.
a4 Nc3 45. Nxa6+ Kb6 46. Nb4 Kc5 47. Nd3+ Kd6 48. h5 Nb5 49. axb5 1-0

[Event "*** SCC Grand Prix: Titled Tuesday Blitz"]
[Site "Chess.com"]
[Date "2020.08.25"]
[Round "10"]
[White "Gareth-Bale11"]
[Black "Korchmar_Vasiliy"]
[Result "1-0"]
[WhiteElo "2745"]
[BlackElo "2609"]
[TimeControl "180+1"]
[EndTime "11:59:39 PDT"]
[Termination "Gareth-Bale11 won by resignation"]

1. e4 c5 2. Nf3 d6 3. d4 cxd4 4.
Nxd4 Nf6 5. Nc3 Nc6 6. Bg5 e6 7.
Qd2 a6 8. O-O-O h6 9. Bh4 Nxe4 10. Nxe4 Qxh4 11. Nxc6 Qxe4 12. Na5 Be7 13. Bd3 Qe5 14. f4 Qc5 15. Nb3 Qc7 16. Kb1 Bf6 17. g4 Bd7 18. h4 Bc6 19. Rhg1 Bxh4 20. g5 hxg5 21. fxg5 O-O-O 22. Nd4 Bd7 23. Qe3 Kb8 24. Rdf1 Be8 25. g6 e5 26. gxf7 Bxf7 27. Rxg7 exd4 28. Qxd4 Bxa2+ 29. Kxa2 Qa5+ 30. Kb1 Qe5 31. Qxe5 dxe5 32. Rff7 Rd6 33.
Rxb7+ Kc8 34. Bf5+ 1-0

[Event "*** SCC Grand Prix: Titled Tuesday Blitz"]
[Site "Chess.com"]
[Date "2020.08.25"]
[Round "10"]
[White "elohunter1999"]
[Black "blitzking1729"]
[Result "0-1"]
[WhiteElo "2476"]
[BlackElo "2682"]
[TimeControl "180+1"]
[EndTime "11:59:39 PDT"]
[Termination "blitzking1729 won by resignation"]

1. e4 g6 2. d4 Bg7 3. Nc3 d6 4. f4 e6 5. Nf3 Ne7 6. Be3 a6 7. Bd3 b5 8. Qd2 Bb7 9. O-O-O Nd7 10. Kb1 c5 11. dxc5 Nxc5 12. a3 O-O 13. Bxc5 dxc5 14. e5 b4 15. axb4 cxb4 16. Ne4 Nd5 17. Bc4 Qa5 18.
Bb3 Rab8 19. Nd6 Bc6 20. Nd4 Ba4 21. h4 h5 22. g4 hxg4 23. h5 Nc3+ 24. bxc3 bxc3 25.
Qh2 Bxb3 26. Nxb3 Qa3 27. Nc4 Rxb3+ 28. cxb3 Qxb3+ 29. Kc1 Rb8 30. Qc2 Qxc4 31. Rhf1 Bh6 32. Rd6 Qxf1+ 33. Qd1 Bxf4+ 34. Kc2 Qxd1+ 35. Rxd1 gxh5 36. Kxc3 Bxe5+ 37. Kd3 Rd8+ 0-1

[Event "*** SCC Grand Prix: Titled Tuesday Blitz"]
[Site "Chess.com"]
[Date "2020.08.25"]
[Round "10"]
[White "Zarinur"]
[Black "icychess54"]
[Result "0-1"]
[WhiteElo "2134"]
[BlackElo "2239"]
[TimeControl "180+1"]
[EndTime "11:59:40 PDT"]
[Termination "icychess54 won by resignation"]

1. e4 c5 2. Nf3 d6 3. Bb5+ Bd7 4. Bxd7+ Nxd7 5. O-O e6 6. c4 Ngf6 7. Nc3 Be7 8. d4 cxd4 9. Nxd4 O-O 10. b3 a6 11. Bb2 Rc8 12. Re1 Qa5 13. Qe2 Qg5 14. Rad1 Rc7 15. Nf3 Qh5 16. Qd2 Rfc8 17. h3 h6 18. Qe3 Ne5 19. Nxe5 Qxe5 20. Rd2 Qg5 21. f4 Qh4 22. Kh1 Nh5 23. g4 Nxf4 24. Rh2 Bg5 25. Rf1 Nh5 26. Qf3 Ng3+ 27. Kg2 Nxf1 28. Qxf1 b5 29. Qf3 bxc4 30. bxc4 Rxc4 31. Kh1 Qe1+ 32.
Kg2 Rxc3 33. Bxc3 Rxc3 34. Qf2 Qxe4+ 35. Kg1 Rc1+ 36. Qf1 Be3+ 37. Rf2 Bxf2+ 38. Kxf2 Qf4+ 39. Ke2 Qxf1+ 40. Kd2 0-1

[Event "*** SCC Grand Prix: Titled Tuesday Blitz"]
[Site "Chess.com"]
[Date "2020.08.25"]
[Round "10"]
[White "1f3_2g41-0"]
[Black "Nf3c5"]
[Result "0-1"]
[WhiteElo "2445"]
[BlackElo "2556"]
[TimeControl "180+1"]
[EndTime "11:59:41 PDT"]
[Termination "Nf3c5 won by resignation"]

1. e4 c5 2. Nf3 d6 3. d4 cxd4 4. Nxd4 Nf6 5. Nc3 a6 6. h3 e5 7. Nde2 h5 8. g3 b5 9. Bg2 Bb7 10. Be3 Nbd7 11. O-O h4 12. g4 Be7 13. a4 b4 14. Nd5 Nxd5 15. exd5 Bg5 16. Qd2 Bxe3 17.
fxe3 a5 18. Qd3 Ba6 19. Qd2 Qg5 20. Kh1 g6 21. Rf2 O-O 22. Ng1 e4 23. Bxe4 Rae8 24.
Qd4 Nc5 25. Rf4 Qxf4 26. exf4 Rxe4 27. Qf6 Re3 28. Qxd6 Rc8 29. f5 Bb7 30. fxg6 Ne4 31. gxf7+ Kg7 32. Qe5+ Kh7 33. Qh5+ Kg7 34. Qe5+ Kh7 35.
Qf4 Ng3+ 36. Kg2 Rxc2+ 37. Qf2 Bxd5+ 38. Nf3 Rxf2+ 39. Kg1 Rexf3 40. f8=Q Rxf8 0-1

[Event "*** SCC Grand Prix: Titled Tuesday Blitz"]
[Site "Chess.com"]
[Date "2020.08.25"]
[Round "10"]
[White "kngopal"]
[Black "dolynachess"]
[Result "1-0"]
[WhiteElo "2310"]
[BlackElo "2419"]
[TimeControl "180+1"]
[EndTime "11:59:44 PDT"]
[Termination "kngopal won by resignation"]

1. c4 c5 2. Nf3 Nf6 3. g3 g6 4. Bg2 Bg7 5. Nc3 O-O 6. a3 d5 7. cxd5 Nxd5 8. O-O Nc6 9. Qc2 Bg4 10. Nxd5 Qxd5 11.
h3 Bxf3 12. Bxf3 Qd6 13. Bxc6 Qxc6 14. d3 Rac8 15. Be3 Qb5 16. Rab1 a5 17. Rfc1 a4 18. b3 axb3 19. Rxb3 Qa6 20. Qc4 Qa8 21. Bxc5 Rfd8 22.
Qb4 Bd4 23. Rc4 Bxc5 24. Rxc5 Rxc5 25. Qxc5 Rc8 26. Qxe7 b5 27. Qe4 Qxe4 28. dxe4 Rc5 29. f4 Kg7 30. Kf2 Kf6 31. Ke3 Rc2 32. Kf3 Ra2 33.
e5+ Ke6 34. e3 h5 35. h4 Kf5 36. Rxb5 Rxa3 37. Rb6 1-0

[Event "*** SCC Grand Prix: Titled Tuesday Blitz"]
[Site "Chess.com"]
[Date "2020.08.25"]
[Round "10"]
[White "Ariadna_Atreides"]
[Black "niki_2003"]
[Result "1-0"]
[WhiteElo "2052"]
[BlackElo "1696"]
[TimeControl "180+1"]
[EndTime "11:59:44 PDT"]
[Termination "Ariadna_Atreides won by resignation"]

1. d4 Nf6 2. Nf3 e6 3. e3 b6 4.
Bd3 Bb7 5. O-O d6 6. b3 Nbd7 7. Bb2 c5 8. Nbd2 Be7 9. c4 O-O 10. Rc1 Rc8 11. Bb1 Ba6 12. Ne4 d5 13. cxd5 Bxf1 14.
dxe6 Nxe4 15. exd7 Qxd7 16. Qxf1 Nf6 17. Ne5 Qe6 18. Nf3 cxd4 19. Nxd4 Rxc1 20. Qxc1 Qd7 21. Nf5 Rd8 22. Nxe7+ Qxe7 23. Qc2 Qd6 24. Bd4 g6 25. h3 Nd5 26. Qb2 Nb4 27. a3 Nc6 28. Bh8 f6 29. Bxf6 Rf8 30. Bc3 Qd1+ 31. Kh2 Qf1 32. b4 Qxf2 33. Ba2+ Rf7 34. Qxf2 1-0

[Event "*** SCC Grand Prix: Titled Tuesday Blitz"]
[Site "Chess.com"]
[Date "2020.08.25"]
[Round "10"]
[White "ChessicallyInclined"]
[Black "Bastiandash"]
[Result "1-0"]
[WhiteElo "2514"]
[BlackElo "2384"]
[TimeControl "180+1"]
[EndTime "11:59:45 PDT"]
[Termination "ChessicallyInclined won by checkmate"]

1. d4 Nf6 2. c4 e6 3. Nc3 Bb4 4. e3 O-O 5. Ne2 Re8 6. a3 Bf8 7. Ng3 d5 8. Be2 c5 9. dxc5 Bxc5 10. cxd5 exd5 11. b4 Bb6 12. Na4 Bc7 13. Bb2 Nc6 14. O-O Be6 15. Nc5 Rb8 16. Rc1 Qd6 17. Bxf6 gxf6 18.
Bd3 d4 19. Qh5 Kf8 20. Qh6+ Ke7 21. exd4 Nxd4 22. Rfe1 b6 23. Nxe6 fxe6 24. Qxh7+ Kd8 25. Bg6 Rf8 26. Ne4 Qd7 27. Qh6 Qe7 28. Red1 e5 29. Bf5 Bd6 30. Rxd4 exd4 31. Rc6 Bc7 32. Re6 Qf7 33.
Rxf6 Qxf6 34. Nxf6 Ke7 35. Nd5+ Kf7 36. Qg6# 1-0

[Event "*** SCC Grand Prix: Titled Tuesday Blitz"]
[Site "Chess.com"]
[Date "2020.08.25"]
[Round "10"]
[White "MF1966Idrisov"]
[Black "chesslh19"]
[Result "1-0"]
[WhiteElo "2365"]
[BlackElo "2210"]
[TimeControl "180+1"]
[EndTime "11:59:45 PDT"]
[Termination "MF1966Idrisov won by resignation"]

1. Nf3 Nf6 2. b3 g6 3. Bb2 Bg7 4. c4 O-O 5. g3 b6 6. Bg2 Bb7 7. O-O c5 8. d4 cxd4 9. Nxd4 Bxg2 10. Kxg2 Nc6 11. Nc3 Nxd4 12. Qxd4 Qc7 13. Nd5 Qb7 14. e4 d6 15. Rae1 Rad8 16. Qd2 Nxd5 17. Bxg7 Ne3+ 18. Qxe3 Kxg7 19. Rd1 Qc6 20. Rd5 e6 21. Rd3 Rd7 22. Rfd1 Rfd8 23. Kh3 Qc5 24. Qf3 Qe5 25. Qf4 Qxf4 26. gxf4 f6 27. Kg4 Kf7 28. h4 Ke7 29. h5 Re8 30. Rh3 Rg8 31. hxg6 Rxg6+ 32. Kf3 Rg7 33. Rdh1 Kf8 34. Rh6 Kg8 35. Rxf6 d5 36.
cxd5 exd5 37. e5 d4 38. Rd1 d3 39. Rd2 h5 40. Rf5 Rh7 41. Kg3 h4+ 42. Kh3 Rdf7 43.
Rxf7 Kxf7 44. Rxd3 Ke6 45. Rd6+ Kf5 46. Rf6+ Ke4 47.
e6 Kf3 48. f5 Kxf2 49. Rf7 Rh8 50. e7 Re8 51. f6 Kf3 52. Rf8 1-0

[Event "*** SCC Grand Prix: Titled Tuesday Blitz"]
[Site "Chess.com"]
[Date "2020.08.25"]
[Round "10"]
[White "DarZay"]
[Black "annamaja"]
[Result "0-1"]
[WhiteElo "2121"]
[BlackElo "2246"]
[TimeControl "180+1"]
[EndTime "11:59:45 PDT"]
[Termination "annamaja won by resignation"]

1. e4 c6 2. d4 d5 3. Nc3 dxe4 4.
Nxe4 Bf5 5. Ng3 Bg6 6. Nf3 Nd7 7. Bd3 e6 8. Bxg6 hxg6 9. Bf4 Ngf6 10. Qd2 Qb6 11.
O-O-O Bb4 12. c3 Be7 13. Ne5 Nxe5 14. dxe5 Rd8 15. Qe3 Qxe3+ 16. Bxe3 Ng4 17. Rxd8+ Kxd8 18. Bxa7 Kc7 19. Bd4 c5 20. Be3 Nxe5 21. Bf4 Bd6 22.
Be3 Ng4 23. Ne4 Nxe3 24. fxe3 Rxh2 25. Rf1 f5 26. Ng5 Kd7 27. Rf2 Rh1+ 28. Kc2 Ra1 29.
a3 c4 30. Rd2 Ke7 31. Nf3 e5 32. Rd5 e4 33. Nd2 f4 34. Nxe4 fxe3 35. Rd1 Rxd1 36. Kxd1 Bf4 37. g3 Bh6 38. g4 Bf4 39. Ke2 g5 40. Nc5 b6 41. Na4 b5 42. Nc5 Kd6 43.
Ne4+ Kd5 44. Kf3 e2 45. Kxe2 Kxe4 46. Kf2 Kd3 47. Kf3 Kc2 48. a4 bxa4 0-1

[Event "*** SCC Grand Prix: Titled Tuesday Blitz"]
[Site "Chess.com"]
[Date "2020.08.25"]
[Round "10"]
[White "ftorodent"]
[Black "reutik"]
[Result "1-0"]
[WhiteElo "2679"]
[BlackElo "2326"]
[TimeControl "180+1"]
[EndTime "11:59:46 PDT"]
[Termination "ftorodent won on time"]

1. d4 Nf6 2. c4 e6 3. Nf3 b6 4. a3 Bb7 5. Nc3 d5 6. Bg5 Be7 7. e3 O-O 8. cxd5 exd5 9. Bd3 Nbd7 10. O-O c5 11. Rc1 Rc8 12. Bf5 g6 13. Bh3 Ra8 14.
dxc5 Nxc5 15. Nd4 Nfe4 16. Bxe7 Qxe7 17. b4 Nxc3 18. Rxc3 Ne4 19. Rc2 f5 20. g3 Rac8 21.
Bg2 Rxc2 22. Qxc2 Rc8 23. Qb2 Ba6 24. Rc1 Rxc1+ 25. Qxc1 Bc4 26. Qc2 h5 27. h4 Kh7 28.
Qa4 Nxg3 29. Nf3 Ne2+ 30. Kh1 f4 31. e4 Nc3 32. Ng5+ Kh6 33. Qc6 b5 34. Qc8 Kg7 35.
e5 d4 36. e6 Nd5 37. Qd7 1-0